 Dungeon Crawl Stone Soup version 0.27.0-1-g7a089689b8 (webtiles) character file.

Game seed: 14174210576389041961

63 trckry the Grasshopper (level 4, -2/44 HPs)
             Began as an Ogre Warper on Aug 12, 2021.
             Was a Follower of the Shining One.
             Slain by Grinder (4 damage)
             ... on level 3 of the Dungeon.
             The game lasted 00:04:23 (2338 turns).

trckry the Grasshopper (Ogre Warper)                Turns: 2338, Time: 00:04:23

Health: -2/44      AC:  3    Str: 15    XL:     4   Next: 10%
Magic:  7/7        EV:  9    Int: 15    God:    the Shining One [*.....]
Gold:   72         SH:  5    Dex:  8    Spells: 7/7 levels left

rFire    . . .     SeeInvis .   a - +0 mace
rCold    + . .     Faith    .   (no shield)
rNeg     . . .     Spirit   .   b - +0 robe
rPois    .         Reflect  +   (helmet restricted)
rElec    .         Harm     .   (no cloak)
rCorr    .         Rampage  .   (gloves unavailable)
Will     .....                  (boots unavailable)
Stlth    +.........             j - amulet of reflection
HPRegen  0.14/turn              k - ring of protection from cold
MPRegen  0.10/turn              (no ring)

@: glowing
A: large, unfitting armour, tough skin 1
a: Renounce Religion


You were on level 3 of the Dungeon.
You worshipped the Shining One.
The Shining One was aware of your devotion.
You visited 1 branch of the dungeon, and saw 3 of its levels.

You collected 72 gold pieces.

Inventory:

Hand Weapons
 a - a +0 mace (weapon)
Missiles
 d - 5 boomerangs of dispersal (quivered)
Armour
 b - a +0 robe (worn)
Jewellery
 j - an amulet of reflection (around neck)
 k - a ring of protection from cold (left hand)
Scrolls
 c - a scroll of blinking
 e - a scroll of fog {unknown}
 f - a scroll of enchant weapon {unknown}
 g - 3 scrolls of enchant armour {unknown}
 h - a scroll of magic mapping {unknown}
 l - a scroll of noise {unknown}
Potions
 i - a potion of haste {unknown}
 m - a potion of mutation {unknown}
 n - a potion of cancellation {unknown}


   Skills:
 - Level 2.6 Fighting
 * Level 2.9 Maces & Flails
 - Level 1.0 Throwing
 - Level 2.1 Dodging
 - Level 2.4 Spellcasting
 * Level 3.5 Translocations
 + Level 0.6 Invocations


You had 7 spell levels left.
You didn't know any spells.
Your spell library contained the following spells:

 Spells                   Type           Power      Damage    Failure   Level
 Blink                    Tloc           N/A        N/A       8%          2
 Gell's Gravitas          Tloc           6%         N/A       14%         3
 Lesser Beckoning         Tloc           6%         N/A       14%         3
 Teleport Other           Tloc           12%        N/A       14%         3
 Manifold Assault         Tloc           12%        N/A       80%         5
 Storm Form               Tmut/Air       0%         N/A       100%        7


Dungeon Overview and Level Annotations

Branches:
Dungeon (3/15)

Altars:
The Shining One

Shops:
D:3 =

Annotations:
D:3 Grinder, Robin


Innate Abilities, Weirdness & Mutations

You are too large for most types of armour.
You have tough skin. (AC +1)


Message History

Grinder is heavily wounded.
Grinder hits you but does no damage.
You hit Grinder.
Grinder is heavily wounded.
You block Grinder's attack.
You barely miss Grinder.
Grinder is heavily wounded.
Grinder says, "At least Makhleb appreciates what I'm doing."
Grinder hits you. Grinder gestures at you.
You barely resist.
You take 3 damage, and have 40/44 hp.
You hit Grinder.
Grinder is severely wounded.
Grinder gestures at you.
You suddenly lose the ability to move!
Grinder hits you!
You writhe in agony.
Grinder hits you!
You writhe in agony.
Grinder gestures at you.
You shrug off the repeated paralysis!
Grinder gestures at you.
You shrug off the repeated paralysis!
You can move again.
You take 23 damage, and have 17/44 hp.
MASSIVE DAMAGE!!
You hit Grinder.
Grinder is severely wounded.
Grinder completely misses you.
You hit Grinder.
Grinder is severely wounded.
Grinder hits you!
* * * LOW HITPOINT WARNING * * *
You take 9 damage, and have 9/44 hp.
MASSIVE DAMAGE!!
You hit Grinder but do no damage.
Grinder is severely wounded.
Grinder hits you.
* * * LOW HITPOINT WARNING * * *
You writhe in agony.
* * * LOW HITPOINT WARNING * * *
Grinder hits you.
You die...

#.#####.# #
###.##.# .#
#......#
...###.#.####
.........#
..##>#..##
........#
.###.##.# #.
#@# #..5.#
######
#########
##<......#
#..#####.#
###.###
#..∩..###
#.....#.#...#


You could see Grinder.

Vanquished Creatures
  An adder (D:2)
  2 dart slugs (D:1)
  3 ball pythons
  9 bats
  4 endoplasms
  2 giant cockroaches (D:1)
  9 goblins
  4 hobgoblins
  2 quokkas
  3 frilled lizards (D:1)
  3 kobolds (D:2)
  3 rats
45 creatures vanquished.

Notes
Turn   | Place    | Note
-------+----------+-------------------------------------------
     0 | D:1      | trckry the Ogre Warper began the quest for the Orb.
     0 | D:1      | Reached XP level 1. HP: 22/22 MP: 3/3
   149 | D:1      | Reached XP level 2. HP: 16/29 MP: 5/5
   303 | D:1      | Reached skill level 3 in Translocations
   846 | D:1      | Reached XP level 3. HP: 36/36 MP: 6/6
   918 | D:1      | Found a faded altar of an unknown god.
   924 | D:1      | Became a worshipper of the Shining One
   924 | D:1      | Reached * piety under the Shining One
  1753 | D:2      | Reached XP level 4. HP: 31/44 MP: 7/7
  2019 | D:3      | Found Utihumih's Jewellery Shoppe.
  2033 | D:3      | Noticed Robin
  2325 | D:3      | Noticed Grinder
  2331 | D:3      | Paralysed by Grinder for 5 turns
  2338 | D:3      | HP: 4/44 [Grinder (5)]
  2338 | D:3      | Slain by Grinder

Illustrated notes

Levels and vault maps discovered:
D:1:      dpeg_arrival_round_c, layout_basic, basic_ecumenical_altar,
          minmay_misc_feat_five
D:2:      layout_rooms
D:3:      layout_loops_corners, nicolae_uskayaw_en_pointe, serial_shops,
          nicolae_shop_crystal, serial_park_tiny_1, uniq_natasha, uniq_grinder,
          uniq_robin

Skill      XL: |  1  2 |
---------------+-------+-----
Maces & Flails | 2 |  2.9
Translocations | 3 |  3.5
Fighting       | |  2.6
Throwing       | |  1.0
Dodging        | |  2.1
Spellcasting   | |  2.4
Invocations    | |  0.6

Action                   |  1- 3 |  4- 6 || total
-------------------------+-------+-------++-------
Melee: Mace              |   124 |    27 ||   151
 Stab: Sleeping          |     1 |       ||     1
Armor: Robe              |    62 |     6 ||    68
Dodge: Dodged            |    65 |     5 ||    70
Block: Other             |     6 |     5 ||    11
       Reflection        |     1 |       ||     1
